 Dungeon Crawl Stone Soup version 0.31-a0-259-g771a54ca4b (webtiles) character file.

Game seed: 7478884361115127650

306 qw the Shooter (level 6, -3/52 HPs)
             Began as a Minotaur Hexslinger on July 13, 2023.
             Slain by a gnoll sergeant
             ... wielding a +7 trident of protection
              (10 damage)
             ... on level 5 of the Dungeon.
             The game lasted 00:00:57 (2630 turns).

qw the Shooter (Minotaur Hexslinger)                Turns: 2630, Time: 00:00:58

Health: -3/52      AC:  7    Str: 12    XL:     6   Next: 16%
Magic:  6/6        EV: 11    Int: 10    God:
Gold:   241        SH:  0    Dex: 15    Spells: 6/7 levels left

rFire   . . .        Y - +3 sling
rCold   . . .        (no shield)
rNeg    . . .        k - +2 ring mail {Will+}
rPois   .            (helmet restricted)
rElec   .            (no cloak)
rCorr   .            (no gloves)
SInv    .            (no boots)
Will    +....        (no amulet)
Stlth   +            (no ring)
HPRegen 0.28/turn    (no ring)
MPRegen 0.10/turn

%: no passive effects
@: about to teleport
A: horns 2, retaliatory headbutt
a: no special abilities


You were on level 5 of the Dungeon.
You visited 1 branch of the dungeon, and saw 5 of its levels.

You collected 241 gold pieces.


Innate Abilities, Weirdness & Mutations

You have a pair of horns on your head.
You reflexively headbutt those who attack you in melee.


   Skills:
 - Level 4.1 Fighting
 + Level 6.0 Ranged Weapons
 - Level 1.1 Armour
 - Level 2.1 Dodging
 - Level 1.0 Spellcasting
 - Level 2.0 Hexes


You had 6 spell levels left.
You knew the following spells:

 Your Spells              Type           Power      Damage    Failure   Level
a - Slow                  Hex            16%        N/A       34%         1

Your spell library contained the following spells:

 Spells                   Type           Power      Damage    Failure   Level
 Inner Flame              Hex/Fire       2%         N/A       83%         3
 Portal Projectile        Hex/Tloc       4%         N/A       83%         3
 Cause Fear               Hex            2%         N/A       98%         4

Inventory:

Hand Weapons
 Y - a +3 sling (weapon)
Armour
 k - a +2 ring mail of willpower (worn)
Scrolls
 a - a scroll of teleportation
 c - a scroll of identify
Potions
 b - a potion of cancellation
 d - 2 potions of mutation
 f - a potion of invisibility {unknown}
 g - 2 potions of curing
 j - a potion of berserk rage {unknown}

Dungeon Overview and Level Annotations

Branches:
Dungeon (5/15)
 Temple: D:4-7

Altars:
Cheibriados
Makhleb
Trog
Zin

Annotations:
D:3 1 runed translucent door, qw's ghost, amateur GrHs


Message History

Found a stone staircase leading down.
There is a stone staircase leading up here.
Waypoint 4 assigned to D:5.
A gnoll sergeant comes into view.
It is wielding a +7 trident of protection.
You shoot a sling bullet. The gnoll sergeant shouts!
The sling bullet hits the gnoll sergeant but does no damage.
You hear a shout! x2
A gnoll sergeant is nearby!
You shoot a sling bullet.
The sling bullet hits the gnoll sergeant but does no damage.
A gnoll comes into view. It is wielding a +0 spear.
You shoot a sling bullet.
The gnoll sergeant blocks the sling bullet.
You shoot a sling bullet.
The sling bullet hits the gnoll sergeant but does no damage.
You shoot a sling bullet.
The sling bullet hits the gnoll sergeant.
The gnoll sergeant is lightly wounded.
The gnoll sergeant hits you from afar with a +7 trident of protection! x2
You shoot a sling bullet.
The sling bullet hits the gnoll sergeant but does no damage.
The gnoll sergeant is lightly wounded.
You hear a shout!
The gnoll sergeant hits you from afar with a +7 trident of protection.
You shoot a sling bullet.
The sling bullet hits the gnoll sergeant.
The gnoll sergeant is moderately wounded.
A gnoll comes into view. It is wielding a +0 club.
The gnoll sergeant hits you from afar with a +7 trident of protection!
2629 ||| READING 2 scrolls of teleportation.
As you read the scroll of teleportation, it crumbles to dust.
You feel strangely unstable.
A gnoll comes into view. It is wielding a +0 flail.
The gnoll sergeant closely misses you.
You shoot a sling bullet.
The gnoll sergeant blocks the sling bullet.
The gnoll hits you but does no damage.
The gnoll sergeant hits you from afar with a +7 trident of protection!
You die...

#.... ##.........#
..... #..........##
.....# #....<.......
......###............
......#..............
#.......##.........
###....###...###...
##..## #....# #.
#..@# #...... ##..#
#....... #.gg
........ #.g..
....... ....g.
........ .........
#####......


You could see a gnoll sergeant and 3 gnolls.

Vanquished Creatures
  An ogre (D:4)
  A phantom (D:4)
  A hound (D:4)
  3 gnolls (D:4)
  3 adders
  A worm (D:3)
  A dart slug (D:4)
  2 orcs
  7 ball pythons
  3 endoplasms
  3 giant cockroaches
  5 goblins
  7 hobgoblins
  2 jackals (D:4)
  3 quokkas
  2 bats
  6 frilled lizards
  5 kobolds
  2 rats
58 creatures vanquished.

Notes
Turn   | Place    | Note
-------+----------+-------------------------------------------
     0 | D:1      | qw the Minotaur Hexslinger began the quest for the Orb.
     0 | D:1      | Reached XP level 1. HP: 16/16 MP: 1/1
     0 | D:1      | 0 ||| qw: Version: 0.3-a-52-g30416fa
     0 | D:1      | 0 ||| qw: Game counter: 6919
     0 | D:1      | 0 ||| qw: Melee chars always use a shield: true
     0 | D:1      | 0 ||| qw: God list: Okawaru
     0 | D:1      | 0 ||| qw: Allow faded altars: false
     0 | D:1      | 0 ||| qw: Do Orc after clearing Dungeon:15 true
     0 | D:1      | 0 ||| qw: Do second Lair branch before Depths: true
     0 | D:1      | 0 ||| qw: Lair rune preference: random
     0 | D:1      | 0 ||| qw: Goals: Normal
     0 | D:1      | 0 ||| PLANNING D:1-11
    80 | D:1      | Reached skill level 3 in Ranged Weapons
    93 | D:1      | Reached XP level 2. HP: 23/23 MP: 2/2
   520 | D:1      | 520 ||| UPGRADING to +0 leather armour.
   530 | D:1      | 530 ||| DROPPING +0 robe.
   531 | D:1      | 531 ||| UPGRADING to +2 ring mail of willpower.
   541 | D:1      | 541 ||| DROPPING +0 leather armour.
   542 | D:1      | 542 ||| READING scroll labelled JOLIEDOD LUVUN.
   547 | D:1      | 547 ||| READING scroll labelled BIALYD NAMEIT.
   548 | D:1      | 548 ||| READING scroll labelled JOT WYLERHATI.
   549 | D:1      | 549 ||| READING scroll labelled CITOIL YDAFIAMP.
   550 | D:1      | 550 ||| DRINKING 2 fizzy coppery potions.
   551 | D:1      | 551 ||| DROPPING scroll of poison.
   552 | D:1      | 552 ||| DROPPING potion of brilliance.
   583 | D:2      | Reached XP level 3. HP: 29/29 MP: 3/3
   684 | D:2      | Found a bloodstained altar of Trog.
   745 | D:2      | Reached skill level 4 in Ranged Weapons
   942 | D:2      | 942 ||| READING 2 scrolls labelled RELLOB WIOGU.
   943 | D:2      | 943 ||| READING 2 scrolls of identify.
   943 | D:2      | 943 ||| IDENTIFYING sedimented puce potion
   944 | D:2      | 944 ||| DROPPING scroll of noise.
   987 | D:3      | 987 ||| READING scroll of enchant weapon.
   987 | D:3      | 987 ||| ENCHANTING +2 sling.
  1082 | D:3      | 1082 ||| READING scroll labelled SOLYLU BEULEG.
  1092 | D:3      | Found a faded altar of an unknown god.
  1103 | D:3      | Reached skill level 1 in Armour
  1105 | D:3      | 1105 ||| READING 2 scrolls of identify.
  1105 | D:3      | 1105 ||| IDENTIFYING yellow potion
  1109 | D:3      | 1109 ||| Stepping ~*~*~tactically~*~*~ (water).
  1484 | D:3      | Found a runed translucent door.
  1485 | D:3      | Noticed qw's ghost (amateur GrHs)
  1501 | D:3      | 1501 ||| READING scroll labelled EPLEFA LAOKOU.
  1552 | D:3      | 1552 ||| DRINKING 2 clear potions.
  1553 | D:3      | 1553 ||| READING 2 scrolls of identify.
  1553 | D:3      | 1553 ||| IDENTIFYING viscous coppery potion
  1554 | D:3      | 1554 ||| DROPPING potion of magic.
  1679 | D:4      | Reached XP level 4. HP: 36/36 MP: 4/4
  1690 | D:4      | Noticed a phantom
  1705 | D:4      | Killed a phantom
  1706 | D:4      | Reached skill level 5 in Ranged Weapons
  1706 | D:4      | Reached XP level 5. HP: 39/41 MP: 5/5
  1742 | D:4      | Noticed an ogre
  1747 | D:4      | Killed an ogre
  1949 | D:4      | Found a glowing silver altar of Zin.
  1990 | D:4      | HP: 11/46 [gnoll/+0 halberd (3)]
  1991 | D:4      | 1991 ||| READING 3 scrolls of teleportation.
  1993 | D:4      | Reached XP level 6. HP: 14/52 MP: 6/6
  2292 | D:4      | Found a snail-covered altar of Cheibriados.
  2293 | D:4      | Found a burning altar of Makhleb.
  2431 | D:4      | Reached skill level 6 in Ranged Weapons
  2555 | D:4      | 2555 ||| DROPPING amulet of magic regeneration.
  2556 | D:4      | 2556 ||| READING 2 scrolls of identify.
  2556 | D:4      | 2556 ||| IDENTIFYING puce potion
  2557 | D:4      | 2557 ||| DROPPING potion of lignification.
  2611 | D:5      | Entered Level 5 of the Dungeon
  2628 | D:5      | HP: 6/52 [gnoll sergeant/+7 trident of protection (11)]
  2629 | D:5      | 2629 ||| READING 2 scrolls of teleportation.
  2630 | D:5      | Slain by a gnoll sergeant

Levels and vault maps discovered:
D:1:      tarquinn_simple_flora_water_b, layout_rooms
D:2:      layout_rooms, basic_altar
D:3:      layout_basic, ebering_ghost_sewer_d, nicolae_ecumenical_lake_church
D:4:      layout_basic, mainiacjoe_overflow_surrounded_room,
          mainiacjoe_overflow_divided_tiny, serial_glass, glass_columns_b,
          glass_columns_c, glass_columns_c, glass_columns_a, glass_columns_c,
          glass_columns_c
D:5:      layout_layer_cave, serial_shops, nicolae_shop_tiny_glass,
          nicolae_nh_ransacked_shop

Skill      XL: |  1  2  3  4  5  6 |
---------------+-------------------+-----
Ranged Weapons | 3 4 5 6 |  6.0
Fighting       | 2 4 |  4.1
Armour         | 1 |  1.1
Dodging        | |  2.1
Spellcasting   | |  1.0
Hexes          | |  2.0

Action                     |  1- 3 |  4- 6 || total
---------------------------+-------+-------++-------
   Fire: Sling             |   129 |    61 ||   190
    Use: Scroll            |    11 |     3 ||    14
         Potion            |     2 |       ||     2
 Armour: Robe              |     2 |       ||     2
         Ring mail         |    13 |    23 ||    36
  Dodge: Dodged            |    25 |    24 ||    49

Table legend:
 A = Non-vault XP
 B = Vault XP
 C = Vault XP percentage of total XP
 D = Non-vault monster count
 E = Vault monster count
 F = Vault count percentage of total count
                 A         B        C        D         E       F
            +---------+---------+-------+---------+---------+-------
      Total |     438 |       0 |   0.0 |      58 |       0 |   0.0
            +---------+---------+-------+---------+---------+-------
        D:1 |      40 |       0 |   0.0 |      24 |       0 |   0.0
        D:2 |      24 |       0 |   0.0 |       8 |       0 |   0.0
        D:3 |      26 |       0 |   0.0 |      13 |       0 |   0.0
        D:4 |     348 |       0 |   0.0 |      13 |       0 |   0.0
            +---------+---------+-------+---------+---------+-------
